 Dungeon Crawl Stone Soup version 0.21-a0-227-g58a7c62 (webtiles) character file.

843 terra52 the Chopper (level 7, -3/55 HPs)
             Began as a Demonspawn Chaos Knight on Aug 31, 2017.
             Slain by a gnoll
             ... wielding a +0 flail
              (5 damage)
             ... on level 5 of the Dungeon.
             The game lasted 00:13:18 (3461 turns).

terra52 the Chopper (Demonspawn Chaos Knight)       Turns: 3461, Time: 00:13:19

Health: -3/55      AC:  9    Str: 14    XL:     7   Next: 68%
Magic:  0/6        EV: 13    Int: 14    God:    Xom [...*..]
Gold:   260        SH:  0    Dex: 12    Spells: 6/6 levels left

rFire    . . .     SeeInvis .   a - +0 hand axe (chaos)
rCold    . . .     Gourm    .   (no shield)
rNeg     . . .     Faith    .   b - +2 leather armour
rPois    .         Spirit   +   j - +2 helmet
rElec    .         Reflect  .   (no cloak)
rCorr    .         Harm     .   (no gloves)
MR       .....     Rnd*Tele +   (no boots)
Stlth    ++........             (no amulet)
HPRegen  0.18/turn              g - ring of teleportation
MPRegen  0.10/turn              w - ring of flight

@: cleaving
A: talons 1, icy blue scales 1, deformed body, low mp 1, sense surroundings 1,
magic shield, rot immunity
a: Renounce Religion, Evoke Flight


You were on level 5 of the Dungeon.
You worshipped Xom.
You were a favourite toy of Xom.
You were not hungry.

You visited 1 branch of the dungeon, and saw 5 of its levels.
You also visited: Sewer.

You collected 260 gold pieces.

Inventory:

Hand Weapons
 a - a +0 hand axe of chaos (weapon)
Missiles
 u - 4 javelins (quivered)
Armour
 b - a +2 leather armour (worn)
 h - a cursed -1 pair of boots
 j - a +2 helmet (worn)
Jewellery
 g - a ring of teleportation (left hand)
 w - a ring of flight (right hand)
 A - an uncursed amulet of faith {unknown}
 B - an uncursed amulet of faith {unknown}
Wands
 k - a wand of flame (27/48)
 C - a wand of disintegration (5/24)
Scrolls
 d - a scroll of enchant armour {unknown}
 e - 2 scrolls of remove curse
 i - 2 scrolls of blinking
 p - a scroll of random uselessness
 t - a scroll of recharging
 x - a scroll of immolation
 y - a scroll of magic mapping
 z - a scroll of amnesia
Potions
 l - 4 potions of flight
 m - a potion of ambrosia
 o - a potion of brilliance {unknown}
 q - 4 potions of heal wounds
 r - 7 potions of curing
 s - 2 potions of might {unknown}
Comestibles
 c - 4 bread rations
 f - 2 meat rations
 n - 8 fruits


   Skills:
 + Level 4.9 Fighting
 + Level 5.7 Axes
 + Level 2.9 Armour
 + Level 3.5 Dodging
 + Level 2.2 Stealth


You had 6 spell levels left.
You didn't know any spells.

Dungeon Overview and Level Annotations

Branches:
Dungeon (5/15)
 Temple: D:4-7

Altars:
Ashenzari
Cheibriados
Nemelex Xobeh
Ru
Sif Muna


Innate Abilities, Weirdness & Mutations

You have sharp toenails.
You are partially covered in icy blue scales. (AC +2)
When hurt, damage is shared between your health and your magic reserves.
You are immune to rotting.
Armour fits poorly on your strangely shaped body.
Your magical capacity is low. (-10% MP)
You passively map a small area around you.


Message History

Xom smiles on you.
Your +0 hand axe of chaos looks sharp (like it always does).
Your quasit bites the gnoll but does no damage.
Your quasit claws the gnoll but does no damage.
Your quasit misses the gnoll. The gnoll misses your quasit.
The ogre barely misses you. The gnoll hits you but does no damage.
The gnoll barely misses you. The gnoll hits you but does no damage.
You see here a whip.
Unknown command.
You strike the helpless gnoll from behind!
You hit the gnoll. You burn the gnoll.
You kill the gnoll!
You hit the ogre. You closely miss the gnoll.
The gnoll hits you from afar with a spear.
* * * LOW HITPOINT WARNING * * *
The gnoll hits you from afar with a spear.
* * * LOW HITPOINT WARNING * * *
The gnoll barely misses you. The gnoll hits you with a flail.
You die...
Xom chuckles heartily!

,,
.≈≈#####≈≈≈≈≈≈≈≈≈≈≈≈....≈≈≈≈≈≈
.≈ #.g #......................
. ≈#.g #############''''######
## ' , #.......#....#..... ≈ ,
* #.....).#....#).... * ,
,#...))..'....).....
**#'################# ≈ *
#)5gg...#. , ,,, , ≈ *,,
#O@)g..... , , ** '#.........≈
, ,.g.......#. *
....########,, ≈ #.... , .. ,
##### * ** # ,, , ≈ ≈ ≈ ≈ ≈ ≈
≈


You could see an ogre, 4 gnolls and a friendly quasit.

Vanquished Creatures
  Edmund (D:4)
  A sky beast (D:5)
  A big kobold (D:5)
  The ghost of Cuchulain the Firebug, a weakling DrFE (D:3)
  A hound (D:4)
  A gnoll shaman (D:5)
  2 iguanas (D:4)
  Jessica (D:2)
  Terence (D:2)
  Ijyb (D:3)
  14 gnolls
  4 adders
  2 oozes
  An adder skeleton (D:4)
  3 worms
  2 dart slugs
  2 leopard geckos
  A leopard gecko (shapeshifter) (D:4)
  4 orcs (D:5)
  3 ball pythons
  2 giant cockroaches
  7 goblins
  12 hobgoblins
  22 jackals
  A quokka (D:2)
  A ball python skeleton (D:5)
  5 bats
  7 frilled lizards
  25 kobolds
  A leopard gecko skeleton (D:4)
  2 quokka skeletons
  6 rats
138 creatures vanquished.

Vanquished Creatures (collateral kills)
  2 kobolds (D:5)
2 creatures vanquished.

Vanquished Creatures (others)
  A centaur skeleton (D:4)
  A jackal (D:3)
  A rat (D:2)
  5 toadstools (D:1)
8 creatures vanquished.

Grand Total: 148 creatures vanquished

Notes
Turn   | Place    | Note
-------+----------+-------------------------------------------
     0 | D:1      | terra52 the Demonspawn Chaos Knight began the quest for the Orb.
     0 | D:1      | Reached XP level 1. HP: 18/18 MP: 1/1
    81 | D:1      | XOM: silly message
   289 | D:1      | XOM: divination: magic mapping
   314 | D:1      | Reached skill level 1 in Dodging
   408 | D:2      | Reached skill level 3 in Axes
   429 | D:2      | Gained mutation: You have sharp toenails. [demonic ancestry]
   429 | D:2      | Reached XP level 2. HP: 21/24 MP: 2/2
   565 | D:2      | Found a faded altar of an unknown god.
   593 | D:2      | Reached XP level 3. HP: 15/29 MP: 3/3
   680 | D:2      | Noticed Jessica
   685 | D:2      | Killed Jessica
   696 | D:2      | Reached XP level 4. HP: 17/36 MP: 4/4
   752 | D:2      | Noticed Terence
   770 | D:2      | Killed Terence
   867 | D:2      | XOM: medium Ice miscast
  1159 | D:1      | XOM: give mutation
  1159 | D:1      | Gained mutation: Armour fits poorly on your strangely shaped body. [Xom's mischief]
  1344 | D:2      | XOM: noise
  1448 | D:3      | Noticed Cuchulain's ghost (weakling DrFE)
  1484 | D:3      | Gained mutation: You are immune to rotting. [demonic ancestry]
  1484 | D:3      | Reached XP level 5. HP: 22/42 MP: 5/5
  1540 | D:3      | Found a shattered altar of Ashenzari.
  1540 | D:3      | Found a sparkling altar of Nemelex Xobeh.
  1607 | D:3      | Noticed Ijyb
  1624 | D:3      | Killed Ijyb
  1624 | D:3      | Reached skill level 4 in Axes
  1636 | D:3      | Killed Cuchulain's ghost
  1636 | D:3      | Reached skill level 1 in Stealth
  1717 | D:3      | Found a glowing drain.
  1730 | Sewer    | Entered a sewer
  1746 | Sewer    | XOM: divination: magic mapping
  2025 | D:3      | Found a snail-covered altar of Cheibriados.
  2073 | D:3      | XOM: polymorph frilled lizard -> gnoll
  2202 | D:3      | XOM: divination: magic mapping
  2240 | D:3      | Found a sacrificial altar of Ru.
  2281 | D:3      | XOM: harmless Ice miscast
  2434 | D:4      | Noticed Edmund
  2439 | D:4      | XOM: confuse monster(s)
  2455 | D:4      | Killed Edmund
  2455 | D:4      | Gained mutation: When hurt, damage is shared between your health and your magic reserves. [demonic ancestry]
  2455 | D:4      | Reached XP level 6. HP: 13/48 MP: 6/6
  2644 | D:4      | Gained mutation: Your magical capacity is low. (-10% MP) [mutagenic meat]
  2645 | D:4      | Gained mutation: You passively map a small area around you. [mutagenic meat]
  3023 | D:4      | XOM: 3-stop teleportation journey
  3037 | D:5      | Entered Level 5 of the Dungeon
  3102 | D:5      | HP: 2/49 [gnoll/halberd (8)]
  3105 | D:5      | Reached skill level 5 in Axes
  3140 | D:5      | Gained mutation: You are partially covered in icy blue scales. (AC +2) [demonic ancestry]
  3140 | D:5      | Reached XP level 7. HP: 21/55 MP: 1/6
  3194 | D:5      | XOM: summons friendly white imp
  3233 | D:5      | Found a deep blue altar of Sif Muna.
  3361 | D:5      | XOM: harmless Air miscast
  3443 | D:5      | XOM: summons friendly quasit
  3460 | D:5      | XOM: cleaving
  3461 | D:5      | HP: 2/55 [gnoll/spear (5)]
  3461 | D:5      | Slain by a gnoll

Vault maps used:
D:1:      ldierk_walled_garden
D:2:      chequers_ecumenical_altar_simple, hex_intersection, uniq_jessica,
          uniq_terence
D:3:      nicolae_ru_path_of_blood, lemuel_crystal_altar,
          gammafunk_temple_overflow_pools, portal_sewer_entry_d,
          minmay_misc_feat_more_columns, kennysheep_generic_room_6, uniq_ijyb
D:4:      first_bread, uniq_edmund
D:5:      lemuel_castle_with_subvaults, nicolae_overflow_crystal_walls,
          kennysheep_slug_shrine, uniq_crazy_yiuf_cottage
Sewer:    kennysheep_pipe_town

Skill      XL: |  1  2  3  4  5  6 |
---------------+-------------------+-----
Dodging        | 1 2 3 |  3.5
Axes           | 3 4 5 |  5.7
Armour         | 2 |  2.9
Fighting       | 4 |  4.9
Stealth        | 1 2 |  2.2

Action                   |  1- 3 |  4- 6 |  7- 9 || total
-------------------------+-------+-------+-------++-------
Melee: Hand axe          |    69 |   277 |    67 ||   413
       Kick              |     8 |    51 |    15 ||    74
Evoke: Wand              |       |       |     4 ||     4
  Use: Scroll            |       |     9 |     1 ||    10
       Potion            |       |     5 |     1 ||     6
 Stab: Confused          |     1 |     1 |       ||     2
       Sleeping          |       |     4 |     1 ||     5
       Paralysed         |       |     5 |     1 ||     6
       Petrifying        |       |     1 |       ||     1
       Distracted        |       |       |     3 ||     3
  Eat: Chunk             |       |    10 |     1 ||    11
Armor: Leather armour    |    31 |   101 |    34 ||   166
Dodge: Dodged            |    54 |   221 |    66 ||   341

Table legend:
 A = Spawn XP
 B = Non-spawn XP
 C = Spawn XP percentage of total XP
 D = Spawn monster count
 E = Non-spawn monster count
 F = Spawn count percentage of total count
 G = Total turns spent on level
                    A         B        C        D         E        F      G
               +---------+---------+-------+---------+---------+-------+---------
         Total |      46 |    1159 |   3.8 |       3 |     140 |   2.1 |  3461
               +---------+---------+-------+---------+---------+-------+---------
           D:1 |       2 |      33 |   5.7 |       1 |      15 |   6.2 |   721
           D:2 |       0 |     147 |   0.0 |       0 |      36 |   0.0 |   624
           D:3 |       0 |     145 |   0.0 |       0 |      18 |   0.0 |   689
           D:4 |      43 |     297 |  12.6 |       1 |      12 |   7.7 |   736
           D:5 |       1 |     501 |   0.2 |       1 |      35 |   2.8 |   424
         Sewer |       0 |      36 |   0.0 |       0 |      24 |   0.0 |   267
               +---------+---------+-------+---------+---------+-------+---------
